[Event "Titled Tuesday Blitz November 01 Late 2022"]
[White "Szpar, Milosz"]
[Black "Soto Vega, Jorge"]
[WhiteFideId "1184989"]
[BlackFideId "3800580"]
[WhiteElo "2422"]
[BlackElo "2263"]
[Result "1-0"]
[Round "08"]
[TimeControl "180+1"]
[Date "2022.11.02"]
[WhiteClock "0:00:27"]
[BlackClock "0:00:27"]

1. e4 d5 2. exd5 Qxd5 3. Nc3 Qa5 4. d4 c6 5. Bc4 Nf6 6. Bd2 Qb6 7. Nf3 Qxb2 8. Ne5 e6 9. Rb1 Qa3 10. O-O Be7 11. Re1 O-O 12. Ne4 Nd5 13. Rb3 Qa4 14. Rh3 g6 15. Bc1 f6 16. Qd2 fxe5 17. Qh6 Rf7 18. Bd3 Nb4 19. Bg5 Nxd3 20. cxd3 Qb4 21. Rf1 Nd7 22. f4 Qxd4+ 23. Kh1 exf4 24. Bxe7 Rxe7 25. Qxf4 Qg7 26. Rhf3 e5 27. Qg5 h6 28. Qh4 b6 29. Nd6 Ba6 30. Qa4 Nc5 31. Qxc6 Rd8 32. Rf7 Rxf7 33. Rxf7 Qxf7 34. Nxf7 Kxf7 35. Qc7+ Rd7 36. Qxe5 Bxd3 37. h4 h5 38. Kh2 Bf5 39. Kg3 Re7 40. Qb8 Ne4+ 41. Kf4 Nf6 42. Kg5 Ne4+ 43. Kh6 Ke6 44. Qc8+ Kd6 45. Qd8+ Rd7 46. Qf8+ Kc6 47. Qc8+ Rc7 48. Qa8+ Kb5 49. Qd5+ Nc5 50. Kg5 Rd7 51. Qe5 a5 52. Kf4 Rd4+ 53. Kg5 Rxh4 54. Kxh4 a4 55. Kg5 Ka5 56. Qc3+ Kb5 57. Kf4 Kc6 58. Ke5 Kb5 59. Kd4 Ne6+ 60. Kd5 Nc5 61. Qc4+ Ka5 62. Kc6 Bd7+ 63. Kc7 Bf5 64. a3 Na6+ 65. Kb7 Be4+ 66. Ka7 Nc5 67. Qb4# 1-0


[Site "https://www.chess.com"]

[Event "Titled Tuesday Blitz November 01 Late 2022"]
[White "Taboas Rodriguez, Daniel"]
[Black "Matinian, Nikita"]
[WhiteFideId "2208466"]
[BlackFideId "24129100"]
[WhiteElo "2429"]
[BlackElo "2422"]
[Result "0-1"]
[Round "08"]
[TimeControl "180+1"]
[Date "2022.11.02"]
[WhiteClock "0:00:13"]
[BlackClock "0:00:11"]

1. d4 Nf6 2. Nf3 g6 3. c4 Bg7 4. Nc3 O-O 5. e4 d6 6. Be2 e5 7. dxe5 dxe5 8. Qxd8 Rxd8 9. Bg5 Re8 10. Nd5 Nxd5 11. cxd5 c6 12. Bc4 b5 13. Bb3 a5 14. a3 a4 15. Ba2 Bb7 16. Rc1 cxd5 17. Rc7 Bc6 18. O-O h6 19. Be3 Ra6 20. Rc1 Rf8 21. Bc5 Rd8 22. Bb4 dxe4 23. Bxf7+ Kh7 24. Nh4 Bd5 25. Be7 Bxf7 26. Bxd8 Bc4 27. Rd1 Rc6 28. Rb7 Bb3 29. Re1 Na6 30. g3 Nc5 31. Rc7 Rxc7 32. Bxc7 Nd3 33. Rxe4 Nxb2 34. Bxe5 Bxe5 35. Rxe5 Bc4 36. Re7+ Kg8 37. Nxg6 Nd3 38. Ne5 Nb2 39. Ng4 Kf8 40. Rh7 Nd3 41. Nxh6 b4 42. axb4 a3 43. Ra7 a2 44. b5 Nb4 45. b6 Na6 46. Ra8+ Kg7 47. Nf5+ Kf6 48. Rf8+ Bf7 49. Nd6 a1=Q+ 50. Kg2 Ke7 51. Rxf7+ Kxd6 52. b7 Qb2 53. h4 Nc7 54. h5 Qxb7+ 55. Kh2 Qd5 56. Rf6+ Ne6 57. h6 Qh5+ 58. Kg2 Ke7 59. Rf3 Qxh6 60. Re3 Kd6 61. Rf3 Kd5 62. Rd3+ Nd4 63. Re3 Qc6 64. Kh2 Kc4 65. Ra3 Qf6 66. Kg2 Nc2 67. Rf3 Ne1+ 0-1


[Site "https://www.chess.com"]

[Event "Titled Tuesday Blitz November 01 Late 2022"]
[White "Tayar, Jonathan"]
[Black "Kaplan, Avi Harrison"]
[WhiteFideId "2606534"]
[BlackFideId "30934559"]
[WhiteElo "2406"]
[BlackElo "1983"]
[Result "1-0"]
[Round "08"]
[TimeControl "180+1"]
[Date "2022.11.02"]
[WhiteClock "0:00:06"]
[BlackClock "0:00:26"]

1. e4 c5 2. Nc3 d6 3. Nf3 Nf6 4. d4 cxd4 5. Nxd4 a6 6. Bg5 Nbd7 7. Qe2 e6 8. f4 Be7 9. Nf3 b5 10. e5 dxe5 11. fxe5 Nd5 12. Nxd5 exd5 13. Bxe7 Qxe7 14. O-O-O Bb7 15. Qe3 O-O 16. Bd3 Rac8 17. Rde1 h6 18. Kb1 Nc5 19. Nd4 Na4 20. Nf5 Qb4 21. Qd4 Rc4 22. Bxc4 dxc4 23. e6 f6 24. e7 Re8 25. Nd6 Bc6 26. Nxe8 Bxe8 27. a3 Qa5 28. Qd8 Nb6 29. Qxe8+ Kh7 30. Qd8 c3 31. e8=Q cxb2 32. Qd3+ f5 33. Qxf5+ g6 34. Qexg6+ Kh8 35. Qxh6+ Kg8 36. Re3 Nc4 37. Qhe6+ Kh8 38. Qxc4 Qxa3 39. Rxa3 bxc4 40. Qg4 c3 41. Rxc3 Kh7 42. Rg3 a5 43. c4 a4 44. c5 a3 45. c6 Kh6 46. c7 Kh7 47. Ka2 Kh6 48. Rb1 Kh7 49. Kxa3 Kh6 50. Kb4 Kh7 51. Kc5 Kh8 52. Kd6 Kh7 53. Ke7 Kh8 54. Kf7 Kh7 55. Rxb2 Kh6 56. Rf2 Kh7 57. Rf6 Kh8 58. Ra3 Kh7 59. h4 Kh8 60. h5 Kh7 61. h6 Kh8 62. c8=Q+ Kh7 63. Qg7# 1-0


[Site "https://www.chess.com"]

[Event "Titled Tuesday Blitz November 01 Late 2022"]
[White "Vlassov, Nikolai"]
[Black "Roque Sola, Jose Luis"]
[WhiteFideId "4103360"]
[BlackFideId "5120390"]
[WhiteElo "2324"]
[BlackElo "2117"]
[Result "1-0"]
[Round "08"]
[TimeControl "180+1"]
[Date "2022.11.02"]
[WhiteClock "0:01:52"]
[BlackClock "0:00:21"]

1. g4 g6 2. h4 h5 3. g5 Bg7 4. Bg2 d5 5. c4 c6 6. cxd5 cxd5 7. Nc3 e6 8. Nf3 Ne7 9. d4 Nbc6 10. O-O O-O 11. Bf4 Qb6 12. Na4 Qb4 13. e3 Qa5 14. Nc5 Qd8 15. Rc1 b6 16. Nd3 Ba6 17. Re1 Rc8 18. Nde5 Nxe5 19. Bxe5 Rxc1 20. Qxc1 Qc8 21. Bxg7 Kxg7 22. Bf1 Qxc1 23. Rxc1 Bxf1 24. Kxf1 Rc8 25. Rxc8 Nxc8 26. Ne5 f6 27. gxf6+ Kxf6 28. Nc6 a5 29. a4 Nd6 30. Kg2 Kf5 31. f3 Kf6 32. Ne5 Nf5 33. Kf2 Nd6 34. Nd7+ Kf5 35. Nxb6 g5 36. hxg5 Kxg5 37. Nd7 Nc4 38. b3 Nd2 39. Nc5 Kf5 40. Ke2 Nb1 41. Kd3 h4 42. Kc2 h3 43. Nd3 h2 44. Nf2 Na3+ 45. Kb2 Nc4+ 46. bxc4 dxc4 47. Kc3 Kg5 48. e4 Kf4 49. d5 exd5 50. exd5 Kxf3 51. Nh1 Kg2 52. d6 Kxh1 53. d7 Kg2 54. d8=Q h1=Q 55. Qd5+ Kg1 56. Qxh1+ Kxh1 57. Kxc4 Kg2 58. Kb5 Kf3 59. Kxa5 Ke4 60. Kb6 Kd5 61. a5 1-0


[Site "https://www.chess.com"]

[Event "Titled Tuesday Blitz November 01 Late 2022"]
[White "Voigt, Martin"]
[Black "chess50years"]
[WhiteFideId "4607228"]
[WhiteElo "2356"]
[BlackElo "2079"]
[Result "0-1"]
[Round "08"]
[TimeControl "180+1"]
[Date "2022.11.02"]
[WhiteClock "0:00:24"]
[BlackClock "0:00:09"]

1. e4 c5 2. Nf3 e6 3. Nc3 a6 4. g3 Nc6 5. Bg2 d6 6. O-O Nf6 7. d4 cxd4 8. Nxd4 Bd7 9. Re1 Be7 10. Be3 Rc8 11. a4 Ne5 12. h3 Nc4 13. Bc1 O-O 14. b3 Ne5 15. Bb2 Qa5 16. Nce2 Nc6 17. c4 Nxd4 18. Nxd4 e5 19. Nf5 Bxf5 20. exf5 Qc7 21. g4 h6 22. Qd2 Nh7 23. Rad1 a5 24. Bd5 b6 25. Kg2 Nf6 26. f4 Nxd5 27. Qxd5 exf4 28. Re4 Rfd8 29. Rxf4 Bg5 30. Re4 Qc5 31. Qxc5 dxc5 32. Rxd8+ Rxd8 33. Re2 Rd3 34. Be5 Rxb3 35. Bc7 Rb4 36. Re8+ Kh7 37. Rb8 Rxa4 38. Rxb6 Rxc4 39. Rb7 Rc2+ 40. Kf3 a4 41. Be5 f6 42. Bd6 c4 43. Bf8 Kg8 44. Bxg7 a3 45. h4 a2 46. Ra7 a1=Q 47. Ra5 Kxg7 0-1


[Site "https://www.chess.com"]

[Event "Titled Tuesday Blitz November 01 Late 2022"]
[White "Wessendorf, Thomas, Dr."]
[Black "Do Nascimento,Christian Almeida"]
[WhiteFideId "4604270"]
[BlackFideId "2143801"]
[WhiteElo "2280"]
[BlackElo "2079"]
[Result "0-1"]
[Round "08"]
[TimeControl "180+1"]
[Date "2022.11.02"]
[WhiteClock "0:00:04"]
[BlackClock "0:00:31"]

1. e4 c5 2. Nf3 g6 3. d4 cxd4 4. Qxd4 Nf6 5. Bb5 Nc6 6. Bxc6 bxc6 7. e5 Nd5 8. e6 f6 9. c4 Nb4 10. Qd2 c5 11. exd7+ Qxd7 12. Na3 Bg7 13. O-O O-O 14. Qe2 Bb7 15. Be3 Qd3 16. Rfe1 Qxe2 17. Rxe2 Bxf3 18. gxf3 Rfc8 19. Nb5 a6 20. Nc3 e5 21. Ne4 f5 22. Nc3 f4 23. Bd2 Nc2 24. Rc1 Nd4 25. Kf1 Nxe2 26. Kxe2 Rab8 27. b3 Kf7 28. Nd5 Ke6 29. Kd3 a5 30. Bxa5 Ra8 31. Nc7+ Rxc7 32. Bxc7 Rxa2 33. Rc2 Ra1 34. Re2 Rb1 35. Kc2 Rh1 36. Rd2 Bf8 0-1


[Site "https://www.chess.com"]

[Event "Titled Tuesday Blitz November 01 Late 2022"]
[White "Winkels, Marcel"]
[Black "Silva, Caio Henrique Angelico"]
[WhiteFideId "1003887"]
[BlackFideId "22777210"]
[WhiteElo "1900"]
[BlackElo "1990"]
[Result "0-1"]
[Round "08"]
[TimeControl "180+1"]
[Date "2022.11.02"]
[WhiteClock "0:00:46"]
[BlackClock "0:00:59"]

1. e4 c6 2. d4 d5 3. exd5 cxd5 4. c4 Nf6 5. Nc3 g6 6. cxd5 Bg7 7. Bb5+ Bd7 8. Qb3 O-O 9. Nge2 a6 10. Bxd7 Qxd7 11. O-O Rd8 12. Nf4 g5 13. Nd3 Nxd5 14. Bxg5 Nc6 15. Nc5 Qf5 16. Nxd5 Qxd5 17. Rad1 Qxg5 18. Qxb7 Nxd4 19. Ne4 Nf3+ 20. Kh1 Qf4 21. Rxd8+ Rxd8 22. gxf3 Qxf3+ 23. Kg1 Rd4 24. Qc8+ Bf8 25. Ng3 h5 26. Qc5 Rg4 27. Qxh5 Rxg3+ 0-1


[Site "https://www.chess.com"]

[Event "Titled Tuesday Blitz November 01 Late 2022"]
[White "Winterberg, Lukas"]
[Black "Sokolovsky, Yahli"]
[WhiteFideId "24622702"]
[BlackFideId "2820242"]
[WhiteElo "2349"]
[BlackElo "2316"]
[Result "0-1"]
[Round "08"]
[TimeControl "180+1"]
[Date "2022.11.02"]
[WhiteClock "0:00:24"]
[BlackClock "0:00:18"]

1. d4 d6 2. Nf3 g6 3. c4 Bg7 4. Nc3 Nf6 5. e4 O-O 6. Be2 Bg4 7. O-O Bxf3 8. Bxf3 e5 9. Be3 Nc6 10. d5 Ne7 11. Rc1 Nd7 12. Be2 f5 13. f3 f4 14. Bf2 g5 15. b4 a5 16. a3 axb4 17. axb4 h5 18. c5 Nf6 19. cxd6 cxd6 20. Nb5 Ne8 21. Qc2 Qd7 22. h3 g4 23. fxg4 hxg4 24. hxg4 Kf7 25. Ra1 Rc8 26. Qb3 Rh8 27. Rfc1 Ng6 28. g5 Rxc1+ 29. Rxc1 Qe7 30. Bg4 Nf8 31. Qf3 Qxg5 32. Nc7 Nf6 33. Be6+ Ke7 34. Bf5 Nh5 35. Ne6 Nxe6 36. dxe6 Ng3 37. Rc7+ Kd8 38. Rd7+ Ke8 39. Bh3 Bf6 40. Qg4 Qxg4 0-1


[Site "https://www.chess.com"]

[Event "Titled Tuesday Blitz November 01 Late 2022"]
[White "Xiong, Jeffery"]
[Black "Vusatiuk, Vladimir"]
[WhiteFideId "2047640"]
[BlackFideId "14118610"]
[WhiteElo "2725"]
[BlackElo "2208"]
[Result "0-1"]
[Round "08"]
[TimeControl "180+1"]
[Date "2022.11.01"]
[WhiteClock "0:00:03"]
[BlackClock "0:00:16"]

1. d4 Nf6 2. c4 c6 3. Bf4 Qb6 4. Qd2 Ne4 5. Qc2 d5 6. e3 Bf5 7. Bd3 dxc4 8. Bxe4 Bxe4 9. Qxe4 Qxb2 10. Ne2 Qxa1 11. Qc2 Na6 12. O-O Nb4 13. Qxc4 e6 14. a3 Qa2 15. Qxa2 Nxa2 16. Rd1 a5 17. Rd2 Nb4 18. axb4 axb4 19. Nc1 Be7 20. Rc2 g5 21. Bg3 Kd7 22. Nd2 Ra3 23. Kf1 Rha8 24. Ke2 h5 25. Nc4 h4 26. Be5 f6 27. Nb6+ Kd8 28. Bxf6 Bxf6 29. Nxa8 Rxa8 30. Rb2 c5 31. Nd3 b6 32. Kf3 Ra3 33. Ke4 b3 34. Rb1 c4 35. Nc1 b5 36. g4 b4 37. f4 Ra2 38. Nxb3 cxb3 39. Rxb3 Rxh2 40. Rxb4 h3 41. Rb8+ Kc7 42. Rf8 Be7 43. Rf7 Kd6 44. Rh7 Rh1 45. f5 exf5+ 46. gxf5 g4 47. Kf4 Rg1 48. e4 Bd8 49. Rxh3 gxh3 0-1


[Site "https://www.chess.com"]

[Event "Titled Tuesday Blitz November 01 Late 2022"]
[White "Young, Ryan"]
[Black "Ambartsumova, Karina"]
[WhiteFideId "2049945"]
[BlackFideId "4166299"]
[WhiteElo "2407"]
[BlackElo "2299"]
[Result "0-1"]
[Round "08"]
[TimeControl "180+1"]
[Date "2022.11.02"]
[WhiteClock "0:00:02"]
[BlackClock "0:00:45"]

1. e4 e5 2. Nf3 Nc6 3. Bc4 Nf6 4. d3 h6 5. c3 g5 6. Bb3 Bg7 7. Nbd2 d6 8. Nc4 Be6 9. Ne3 Qd7 10. Bxe6 fxe6 11. Bd2 Ne7 12. Qb3 O-O-O 13. O-O-O Ng6 14. g3 g4 15. Ne1 h5 16. Qa3 Kb8 17. N3c2 d5 18. Be3 b6 19. Ng2 Qb5 20. Bg5 Rd7 21. Nge3 Nh7 22. Bh4 Bh6 23. Kb1 Rf8 24. Rhf1 Nxh4 25. gxh4 dxe4 26. dxe4 Rxd1+ 27. Rxd1 Rxf2 28. Qe7 Bxe3 29. Qxh7 Qe2 30. Rd8+ Kb7 31. Nxe3 Qxb2# 0-1


[Site "https://www.chess.com"]

[Event "Titled Tuesday Blitz November 01 Late 2022"]
[White "Zanette, Edgard Vinicius"]
[Black "Munoz Sanchez, Miguel"]
[WhiteFideId "2109263"]
[BlackFideId "3600734"]
[WhiteElo "2236"]
[BlackElo "2166"]
[Result "1-0"]
[Round "08"]
[TimeControl "180+1"]
[Date "2022.11.02"]
[WhiteClock "0:00:19"]
[BlackClock "0:00:08"]

1. e4 c5 2. Nc3 Nc6 3. f4 g6 4. Nf3 Bg7 5. Bb5 a6 6. Bxc6 dxc6 7. d3 e6 8. Be3 b6 9. O-O Ne7 10. Qe1 a5 11. Kh1 Ba6 12. Rd1 Qc7 13. b3 O-O 14. Ne2 Rad8 15. Qh4 Nc8 16. f5 exf5 17. Bh6 fxe4 18. Ng5 Bxh6 19. Qxh6 f5 20. Ne6 Qe7 21. N2f4 exd3 22. cxd3 Rf6 23. Nxd8 Qxd8 24. Rfe1 Nd6 25. Ne6 Qd7 26. Ng5 Bc8 27. Qh4 h5 28. Nf3 Re6 29. h3 Nf7 30. Rxe6 Qxe6 31. Re1 Qd5 32. Qf6 Bd7 33. Qxg6+ Kf8 34. Ng5 Nxg5 35. Qxg5 Be6 36. Qh6+ Ke7 37. Qh7+ Kd6 38. Qxh5 a4 39. Qe2 axb3 40. axb3 Qxb3 41. Qe5+ Kd7 42. Qg7+ Kd6 43. Qf8+ Kd7 44. Qb8 Qxd3 45. Qb7+ Kd6 46. Qb8+ Kd5 47. Qd8+ Kc4 48. Qxd3+ Kxd3 49. Rxe6 c4 50. Rxc6 c3 51. Rxb6 c2 52. Rc6 Kd2 53. h4 c1=Q+ 54. Rxc1 Kxc1 55. h5 1-0


[Site "https://www.chess.com"]

[Event "Titled Tuesday Blitz November 01 Late 2022"]
[White "Zierk, Steven"]
[Black "Melkumyan, Hrant"]
[WhiteFideId "2034255"]
[BlackFideId "13302485"]
[WhiteElo "2494"]
[BlackElo "2604"]
[Result "0-1"]
[Round "08"]
[TimeControl "180+1"]
[Date "2022.11.01"]
[WhiteClock "0:00:01"]
[BlackClock "0:00:17"]

1. e4 c5 2. Nf3 Nc6 3. Bb5 g6 4. O-O Bg7 5. c3 a6 6. Ba4 b5 7. Bc2 d6 8. d4 cxd4 9. cxd4 Bg4 10. Be3 Bxf3 11. gxf3 Rc8 12. Nc3 Nf6 13. d5 Ne5 14. f4 Nc4 15. Bd4 Nxb2 16. Qe2 Nc4 17. a4 O-O 18. axb5 axb5 19. Nxb5 Qd7 20. Rfb1 Nh5 21. f5 Bxd4 22. Nxd4 Ne5 23. Ba4 Qa7 24. Nc6 Nxc6 25. dxc6 Qd4 26. Qe3 Qe5 27. Ra3 Nf6 28. Re1 Ng4 29. Qg3 Qc5 30. Rc3 Qd4 31. Bb3 Nxf2 32. Qe3 Qxe3 33. Rexe3 Ng4 34. Rg3 Ne5 35. c7 Kg7 36. Bd5 Nd7 37. fxg6 hxg6 38. Bb7 Nc5 39. Bxc8 Rxc8 40. e5 Ne4 41. exd6 exd6 42. Rge3 Nxc3 43. Rxc3 Kf8 44. Kf2 Ke7 45. h4 d5 46. Rc6 Kd7 47. Rf6 Rf8 48. h5 gxh5 49. Rf5 Kd6 50. Ke3 Rc8 51. Rxf7 Rxc7 52. Rf6+ Kc5 53. Rh6 Re7+ 54. Kd3 Re5 55. Rh8 Rg5 56. Rc8+ Kd6 57. Rh8 Ke5 58. Re8+ Kf4 59. Rf8+ Kg3 60. Ke3 h4 61. Rf3+ Kg4 62. Rf4+ Kh5 63. Rf8 Kg6 64. Kf4 Rh5 65. Rg8+ Kf7 66. Rd8 Ke7 0-1


[Site "https://www.chess.com"]

[Event "Titled Tuesday Blitz November 01 Late 2022"]
[White "Golubova, Anna"]
[Black "Aizpurua, Patrick Emilio"]
[WhiteFideId "24173606"]
[BlackFideId "6600522"]
[WhiteElo "2047"]
[BlackElo "2378"]
[Result "0-1"]
[Round "09"]
[TimeControl "180+1"]
[Date "2022.11.02"]
[WhiteClock "0:00:01"]
[BlackClock "0:00:16"]

1. Nf3 Nf6 2. g3 d5 3. Bg2 e6 4. O-O Be7 5. d3 O-O 6. Nbd2 b6 7. e4 Bb7 8. Qe2 c5 9. c3 Nc6 10. e5 Nd7 11. d4 a5 12. a4 Ba6 13. c4 cxd4 14. b3 Nc5 15. Bb2 dxc4 16. bxc4 Rc8 17. Rfd1 d3 18. Qe3 Nb4 19. Nd4 Qd7 20. Bc3 Rfd8 21. Ne4 Nxe4 22. Bxe4 Rxc4 23. Bxb4 Rxd4 24. Bxe7 Qxe7 25. Rac1 g6 26. Rc6 Bb7 27. Rd6 Rxe4 28. Qxb6 Rxd6 29. exd6 Qd7 30. Rb1 d2 31. Qxa5 Qc6 32. f3 Qc1+ 33. Kf2 Qxb1 34. Qxd2 Qb6+ 35. Kg2 Rd4 36. Qc3 Qxd6 37. a5 Rd3 38. Qc4 Bxf3+ 39. Kh3 Qd4 40. Qc8+ Kg7 41. g4 Qxg4# 0-1


[Site "https://www.chess.com"]

[Event "Titled Tuesday Blitz November 01 Late 2022"]
[White "Aghasiyev, Kamal"]
[Black "Makarian, Rudik"]
[WhiteFideId "13402854"]
[BlackFideId "44105681"]
[WhiteElo "2341"]
[BlackElo "2405"]
[Result "1-0"]
[Round "09"]
[TimeControl "180+1"]
[Date "2022.11.01"]
[WhiteClock "0:00:04"]
[BlackClock "0:00:02"]

1. d4 d6 2. e4 Nf6 3. Bd3 e5 4. c3 Nc6 5. Nf3 Bg4 6. Be3 d5 7. Qa4 Bxf3 8. gxf3 exd4 9. cxd4 Bb4+ 10. Nc3 O-O 11. a3 Ba5 12. e5 Nh5 13. b4 Bb6 14. Ne2 f5 15. f4 g6 16. h4 Ng7 17. Bb5 a5 18. Bxc6 axb4 19. Qd1 bxc6 20. axb4 h5 21. Kf1 Kh7 22. Kg2 Ne6 23. Kg3 Rxa1 24. Qxa1 Qa8 25. Rc1 Qxa1 26. Rxa1 Kg7 27. Rc1 Nd8 28. Nc3 Kf7 29. b5 Ke6 30. bxc6 Nxc6 31. Nb5 Ne7 32. Nxc7+ Bxc7 33. Rxc7 Rc8 34. Rxc8 Nxc8 35. Kf3 Kd7 36. Ke2 Kc6 37. Kd3 Kb5 38. Kc3 Na7 39. Kb3 Nc6 40. Kc3 Nd8 41. Kb3 Ne6 42. Kc3 Nd8 43. Kb3 Kc6 44. Kb4 Nf7 45. Ka5 Nh6 46. f3 Nf7 47. Ka6 Nd8 48. Ka5 Ne6 49. Ka6 Nc7+ 50. Ka5 Nb5 51. Kb4 Kb6 52. Bf2 Nc7 53. Be3 Na6+ 54. Ka4 Nb8 55. Bd2 Nc6 56. Bc3 Nb8 57. Ba5+ Kc6 58. Bd2 Nd7 59. Kb4 Nb6 60. Be3 Nc4 61. Bc1 Kb6 62. e6 Kc6 63. e7 Kd7 64. Kc5 Kxe7 65. Kxd5 Nb6+ 66. Kc6 Nd7 67. Ba3+ Ke8 68. Kd6 Nb6 69. Ke6 Nc4 70. Bc1 Nb6 71. Kf6 Nd5+ 72. Kxg6 Ne7+ 73. Kxh5 Kf7 74. Kg5 Ke6 75. h5 Kf7 76. h6 Nc6 77. Bb2 Nb4 78. d5 Kg8 79. Kg6 Nd3 80. h7+ 1-0


[Site "https://www.chess.com"]

[Event "Titled Tuesday Blitz November 01 Late 2022"]
[White "Ambartsumova, Karina"]
[Black "Malka, Samuel"]
[WhiteFideId "4166299"]
[BlackFideId "20643675"]
[WhiteElo "2299"]
[BlackElo "2462"]
[Result "1-0"]
[Round "09"]
[TimeControl "180+1"]
[Date "2022.11.02"]
[WhiteClock "0:00:10"]
[BlackClock "0:00:02"]

1. d4 Nf6 2. Nf3 g6 3. g3 Bg7 4. Bg2 O-O 5. O-O d6 6. b3 b5 7. a4 b4 8. Ne5 dxe5 9. Bxa8 exd4 10. Bb2 c5 11. Nd2 Qc7 12. Bg2 Bb7 13. Bxb7 Qxb7 14. Nc4 Nc6 15. e3 e5 16. Re1 Nd5 17. Qf3 Qd7 18. Rad1 f5 19. e4 Nc3 20. Bxc3 bxc3 21. Qxc3 fxe4 22. Rxe4 Qf5 23. Qe1 Nb4 24. Qe2 h5 25. Nxe5 Nd5 26. Rd3 Nc3 27. Rxc3 dxc3 28. Nd3 Bd4 29. Kg2 h4 30. Rxh4 Kg7 31. Re4 Rf7 32. h4 Qd5 33. Kg1 c4 34. bxc4 Qxc4 35. Qg4 1-0


[Site "https://www.chess.com"]

[Event "Titled Tuesday Blitz November 01 Late 2022"]
[White "Arnold, Ken"]
[Black "Kanyamarala, Trisha"]
[WhiteFideId "2056836"]
[BlackFideId "45004722"]
[WhiteElo "2325"]
[BlackElo "2099"]
[Result "0-1"]
[Round "09"]
[TimeControl "180+1"]
[Date "2022.11.02"]
[WhiteClock "0:02:01"]
[BlackClock "0:01:43"]

1. d4 Nf6 2. c4 e6 3. Nc3 Bb4 4. Qc2 d5 5. a3 Bxc3+ 6. Qxc3 O-O 7. Bg5 dxc4 8. Qxc4 b6 9. f3 Ba6 10. Qc3 Nbd7 11. Rc1 c5 12. dxc5 Nxc5 13. b4 Ncd7 14. e4 Bxf1 15. Kxf1 Nxe4 16. Bxd8 Nxc3 17. Be7 Rfc8 18. Ne2 Nd5 19. Bg5 Ne5 0-1


[Site "https://www.chess.com"]

[Event "Titled Tuesday Blitz November 01 Late 2022"]
[White "Ashiku, Franc"]
[Black "Harvey, Marcus R"]
[WhiteFideId "4700066"]
[BlackFideId "400092"]
[WhiteElo "2306"]
[BlackElo "2457"]
[Result "0-1"]
[Round "09"]
[TimeControl "180+1"]
[Date "2022.11.02"]
[WhiteClock "0:00:10"]
[BlackClock "0:00:17"]

1. d4 Nf6 2. c4 e6 3. g3 Bb4+ 4. Bd2 c5 5. Bg2 O-O 6. Nf3 Bxd2+ 7. Qxd2 d6 8. Nc3 Nc6 9. Rd1 Qe7 10. O-O Rd8 11. d5 exd5 12. cxd5 Nb4 13. Rfe1 Bg4 14. a3 Na6 15. Nh4 Nc7 16. h3 Bd7 17. e4 Qf8 18. g4 Re8 19. f4 h6 20. e5 Nh7 21. Nf5 Bxf5 22. gxf5 Rad8 23. Kh2 b5 24. Re3 Qe7 25. Qf2 Qd7 26. e6 Qe7 27. Rde1 Nf6 28. b4 fxe6 29. fxe6 cxb4 30. axb4 Rf8 31. Qh4 Nfxd5 32. Qxe7 Nxe7 33. Rd1 Rxf4 34. Ne2 Rxb4 35. Nd4 Rb2 36. Rf1 Ncd5 37. Rf7 Rxg2+ 38. Kxg2 Nxe3+ 39. Kf3 N3d5 40. Ke4 b4 41. Nc6 Nc3+ 42. Kf4 Nxc6 43. Kg4 Ne5+ 0-1


[Site "https://www.chess.com"]

[Event "Titled Tuesday Blitz November 01 Late 2022"]
[White "Averjanov, Alexey"]
[Black "Muhammad, Shahzeb"]
[WhiteFideId "14109867"]
[BlackFideId "7804806"]
[WhiteElo "2630"]
[BlackElo "2395"]
[Result "1-0"]
[Round "09"]
[TimeControl "180+1"]
[Date "2022.11.02"]
[WhiteClock "0:02:03"]
[BlackClock "0:00:03"]

1. d4 Nf6 2. c4 e6 3. Nf3 Bb4+ 4. Nbd2 c5 5. g3 cxd4 6. Nxd4 Nc6 7. Nc2 Bc5 8. Bg2 O-O 9. O-O b6 10. b3 Bb7 11. Bb2 d5 12. e3 Rc8 13. cxd5 Nxd5 14. Ne4 Be7 15. Qg4 Nf6 16. Nxf6+ Bxf6 17. Rfd1 Bxb2 18. Rxd8 Rfxd8 19. Rd1 Ne5 20. Rxd8+ Rxd8 21. Qe2 Bc8 22. Nd4 Bc3 23. f4 Ng6 24. Nc6 Rd2 25. Qc4 Bf6 26. Nxa7 Bd7 27. Qc7 h5 28. Qxb6 Rxa2 29. Nc6 h4 30. Bf3 hxg3 31. hxg3 Ne7 32. Qd8+ Kh7 33. Nxe7 1-0


[Site "https://www.chess.com"]

[Event "Titled Tuesday Blitz November 01 Late 2022"]
[White "Azarov, Sergei"]
[Black "Besedes, Danilo"]
[WhiteFideId "13501470"]
[BlackFideId "946796"]
[WhiteElo "2494"]
[BlackElo "2352"]
[Result "1-0"]
[Round "09"]
[TimeControl "180+1"]
[Date "2022.11.02"]
[WhiteClock "0:00:11"]
[BlackClock "0:00:30"]

1. d4 d6 2. c4 e5 3. dxe5 dxe5 4. Qxd8+ Kxd8 5. Nc3 Be6 6. b3 Nd7 7. Bb2 Ngf6 8. Nf3 h6 9. O-O-O Kc8 10. e3 a5 11. Bd3 Bb4 12. Bc2 Re8 13. h3 c6 14. Na4 e4 15. Nd4 Kc7 16. Nc3 Bxc3 17. Bxc3 Nc5 18. Rd2 b6 19. Rhd1 Bd7 20. Ne2 Re7 21. Nf4 Rae8 22. Kb2 Bc8 23. a3 Bf5 24. g4 Bh7 25. b4 axb4 26. axb4 Ncd7 27. Ra1 Kb7 28. Rd6 Ne5 29. Bxe5 Rxe5 30. Ne2 Kc7 31. Rd2 Kb7 32. Nd4 R5e7 33. Bb3 Nd7 34. Kc3 Ne5 35. Rda2 Kc7 36. c5 Rb8 37. Ra7+ Rb7 38. cxb6+ Kxb6 39. R1a6+ Kc7 40. Ba4 Rxa7 41. Rxa7+ Kd6 42. Rxe7 Kxe7 43. Nxc6+ Nxc6 44. Bxc6 Kd6 45. Ba8 f5 46. Kd4 g6 47. b5 Bg8 48. Bc6 Be6 49. gxf5 gxf5 50. h4 Bc8 51. Bd5 Bd7 52. b6 Be8 53. b7 Kc7 54. Ke5 1-0


[Site "https://www.chess.com"]

[Event "Titled Tuesday Blitz November 01 Late 2022"]
[White "Bettalli, Francesco"]
[Black "Shapiro, Daniel"]
[WhiteFideId "2816453"]
[BlackFideId "2001780"]
[WhiteElo "2216"]
[BlackElo "2292"]
[Result "0-1"]
[Round "09"]
[TimeControl "180+1"]
[Date "2022.11.02"]
[WhiteClock "0:00:13"]
[BlackClock "0:00:15"]

1. d4 Nf6 2. Nc3 d5 3. Bg5 Nbd7 4. Qd3 g6 5. e4 dxe4 6. Nxe4 Bg7 7. O-O-O b6 8. g3 Bb7 9. Bg2 Qc8 10. Ne2 O-O 11. Rhe1 Re8 12. N2c3 a6 13. Nxf6+ Bxf6 14. Bxf6 Nxf6 15. Bxb7 Qxb7 16. Re2 Rad8 17. Ne4 Nxe4 18. Qxe4 Qxe4 19. Rxe4 Rd6 20. c3 e6 21. Kc2 Rc8 22. Rde1 Kg7 23. f4 c5 24. dxc5 Rxc5 25. R1e2 a5 26. a4 Rcd5 27. Re5 Kf6 28. Rxd5 Rxd5 29. b4 Ke7 30. Rd2 Rxd2+ 31. Kxd2 Kd6 32. Kd3 f6 33. Kc4 Kc6 34. Kd4 Kd6 35. Ke4 Kc6 36. h4 h5 37. Kd4 Kd6 38. Kc4 Kc6 39. b5+ Kd6 40. Kd4 Kd7 41. Ke3 Kd6 42. Kd4 Kd7 43. c4 Kd6 44. c5+ bxc5+ 45. Kc4 e5 46. fxe5+ fxe5 47. b6 e4 48. b7 Kc7 49. Kxc5 e3 50. b8=N Kxb8 51. Kb5 e2 52. Kxa5 e1=Q+ 53. Kb6 Qxg3 54. a5 Qxh4 55. a6 Qb4+ 56. Kc6 Ka7 0-1


[Site "https://www.chess.com"]

[Event "Titled Tuesday Blitz November 01 Late 2022"]
[White "Bjelobrk, Igor"]
[Black "Popilski, Gil"]
[WhiteFideId "4300726"]
[BlackFideId "2809060"]
[WhiteElo "2335"]
[BlackElo "2537"]
[Result "1-0"]
[Round "09"]
[TimeControl "180+1"]
[Date "2022.11.01"]
[WhiteClock "0:00:57"]
[BlackClock "0:00:24"]

1. Nf3 Nf6 2. g3 g6 3. Bg2 Bg7 4. O-O O-O 5. c4 d6 6. d4 Nbd7 7. Nc3 e5 8. e4 c6 9. Be3 Ng4 10. Bg5 f6 11. Bd2 Qe7 12. Re1 Re8 13. Qc2 Nf8 14. Rad1 Nh6 15. d5 c5 16. a3 f5 17. b4 b6 18. bxc5 bxc5 19. Rb1 fxe4 20. Nxe4 Nf5 21. Qa4 h6 22. Qc6 Bd7 23. Qa6 Bc8 24. Qc6 Bd7 25. Qb7 g5 26. g4 Reb8 27. Qxb8 Rxb8 28. Rxb8 Nh4 29. Nxh4 gxh4 30. h3 Ba4 31. Reb1 Qf7 32. R1b7 Qg6 33. Rd8 Bc2 34. Rxd6 1-0


[Site "https://www.chess.com"]